 Dungeon Crawl Stone Soup version 0.20.1-1-g8b1a95d (webtiles) character file.

34 dohliylev the Sneak (level 3, -1/27 HPs)
             Began as a Vampire Assassin on Dec 4, 2017.
             Was an Initiate of Nemelex Xobeh.
             Slain by an adder (2 damage)
             ... on level 2 of the Dungeon.
             The game lasted 00:02:22 (907 turns).

dohliylev the Sneak (Vampire Assassin)               Turns: 907, Time: 00:02:23

Health: -1/27      AC:  3    Str: 10    XL:     3   Next: 14%
Magic:  3/3        EV: 17    Int: 13    God:    Nemelex Xobeh [......]
Gold:   51         SH:  0    Dex: 21    Spells: 2/2 levels left

rFire    . . .     SeeInvis +   a - +2 dagger
rCold    . . .     Gourm    .   (no shield)
rNeg     + . .     Faith    .   c - +0 robe
rPois    .         Spirit   .   (no helmet)
rElec    .         Reflect  .   d - +0 cloak
rCorr    .         Harm     .   (no gloves)
MR       .....                  (no boots)
Stlth    +++++.....             (no amulet)
Regen    0.1/turn               (no ring)
MPRegen  0.1/turn               (no ring)

@: agile, lethally poisoned (-1 -> -9)
A: fangs 3, see invisible, unbreathing
a: Bat Form, Renounce Religion


You were on level 2 of the Dungeon.
You worshipped Nemelex Xobeh.
Nemelex Xobeh was noncommittal.
You were not thirsty.

You visited 1 branch of the dungeon, and saw 2 of its levels.

You collected 51 gold pieces.

Inventory:

Hand Weapons
 a - a +2 dagger (weapon)
 b - a +0 blowgun
Missiles
 e - 8 poisoned needles
 f - 2 curare-tipped needles
 n - 5 needles of sleeping
Armour
 c - a +0 robe (worn)
 d - a +0 cloak (worn)
Wands
 r - a wand of enslavement (6/24)
Scrolls
 h - a scroll of identify {unknown}
 j - a scroll of fog {unknown}
 k - a scroll of immolation {unknown}
 l - a scroll of amnesia {unknown}
 m - a scroll of blinking {unknown}
 o - a scroll of remove curse {unknown}
 q - a scroll of magic mapping {unknown}
 s - a scroll of teleportation {unknown}
 t - a scroll of random uselessness {unknown}
Potions
 g - a potion of blood
 p - a potion of curing {unknown}
Miscellaneous
 u - a plain deck of summoning {drawn: 1}


   Skills:
 - Level 1.7 Fighting
 - Level 2.1 Short Blades
 - Level 1.5 Throwing
 - Level 1.1 Dodging
 + Level 7.6 Stealth


You had 2 spell levels left.
You didn't know any spells.

Dungeon Overview and Level Annotations

Branches:
Dungeon (2/15)

Altars:
Nemelex Xobeh


Innate Abilities, Weirdness & Mutations

You have razor-sharp teeth.
You have supernaturally acute eyesight. (SInv)
You can survive without breathing.


Message History

The adder is heavily wounded.
The adder closely misses you.
You hit the adder but do no damage.
The adder is heavily wounded.
* * * LOW HITPOINT WARNING * * *
You feel sick. The adder misses you. The adder completely misses you.
You barely miss the adder. Your bite misses the adder.
The adder is heavily wounded.
* * * LOW HITPOINT WARNING * * *
You feel sick. The adder closely misses you.
Evoke which item? (* to show all) (? for menu, Esc to quit)
You draw a card...
It is the Pentagram.
* * * LOW HITPOINT WARNING * * *
You feel sick. The adder bites you.
* * * LOW HITPOINT WARNING * * *
It was a potion of agility.
You feel agile all of a sudden. The adder bites you.
You die...
Your body disappears without a glow.

####### #.....# #.....#
########.....##########
#......'.....h.@S4.....
##.######.....#####.....
.#.# ####### ... .#.# .
.#.# .#.##### .#...#..
..<#.#.# ####.#.#


You could see an adder, a friendly rust devil and a friendly hell hound.

Vanquished Creatures
  An ooze (D:1)
  A dart slug (D:1)
  2 giant cockroaches (D:1)
  2 goblins (D:1)
  6 hobgoblins
  5 bats
  2 frilled lizards (D:1)
  6 kobolds
  2 rats (D:1)
27 creatures vanquished.

Notes
Turn   | Place    | Note
-------+----------+-------------------------------------------
     0 | D:1      | dohliylev the Vampire Assassin began the quest for the Orb.
     0 | D:1      | Reached XP level 1. HP: 16/16 MP: 1/1
    53 | D:1      | Reached skill level 6 in Stealth
   153 | D:1      | Reached XP level 2. HP: 22/22 MP: 2/2
   286 | D:1      | Reached skill level 7 in Stealth
   672 | D:1      | Found a sparkling altar of Nemelex Xobeh.
   676 | D:1      | Became a worshipper of Nemelex Xobeh the Trickster
   775 | D:2      | Reached XP level 3. HP: 27/27 MP: 3/3
   885 | D:2      | Received a gift from Nemelex Xobeh
   906 | D:2      | HP: 1/27 [adder (2)]
   907 | D:2      | Slain by an adder

Skill      XL: |  1  2 |
---------------+-------+-----
Stealth        | 6 7 |  7.6
Fighting       | |  1.7
Short Blades   | |  2.1
Throwing       | |  1.5
Dodging        | |  1.1

Action                   || total
-------------------------++-------
Melee: Dagger            ||    79
       Bite              ||     4
Evoke: Deck              ||     1
  Use: Potion            ||     1
 Stab: Sleeping          ||    15
Armor: Robe              ||    34
Dodge: Dodged            ||    57
